 Dungeon Crawl Stone Soup version 0.28-a0-1485-g077359a4bf (webtiles) character file.

Game seed: 12583113009382639860

6834 vineage the Warrior (level 10, -9/111 HPs)
             Began as a Minotaur Gladiator on Jan 11, 2022.
             Was a High Priest of Okawaru.
             Killed from afar by an electric eel (12 damage)
             ... with a bolt of electricity
             ... on level 10 of the Dungeon.
             The game lasted 00:11:22 (10003 turns).

vineage the Warrior (Minotaur Gladiator)           Turns: 10003, Time: 00:11:23

Health: -9/111     AC: 12    Str: 20    XL:     10   Next: 77%
Magic:  9/9        EV: 12    Int:  5    God:    Okawaru [*****.]
Gold:   598        SH:  0    Dex: 15    Spells: 9/9 levels left

rFire   . . .      SeeInvis .   h - +8 club (spect)
rCold   . . .      Faith    .   (no shield)
rNeg    . . .      Spirit   .   u - +0 ring mail
rPois   .          Reflect  .   c - +0 hat
rElec   .          Harm     .   n - +2 cloak {Stlth+}
rCorr   .          Rampage  .   (no gloves)
Will    .....                   k - +2 pair of boots
Stlth   ++........              (no amulet)
HPRegen 0.28/turn               (no ring)
MPRegen 0.11/turn               (no ring)

@: brilliant
A: horns 2, retaliatory headbutt
a: Renounce Religion, Heroism, Finesse, Duel


You were on level 10 of the Dungeon.
You worshipped Okawaru.
Okawaru was extremely pleased with you.
You visited 1 branch of the dungeon, and saw 10 of its levels.

You collected 598 gold pieces.

Inventory:

Hand Weapons
 h - a +8 spectral club (weapon)
Missiles
 d - 3 throwing nets (quivered)
Armour
 b - a +0 leather armour
 c - a +0 hat (worn)
 k - a +2 pair of boots (worn)
 n - a +2 cloak of stealth (worn)
 u - a +0 ring mail (worn)
 w - an orb of energy
Jewellery
 a - a +6 ring of intelligence
 e - a ring of wizardry
 j - a ring of ice
 q - a ring of protection from cold
Wands
 r - a wand of iceblast (25)
 y - a wand of flame (10)
Scrolls
 f - 7 scrolls of teleportation
 p - 2 scrolls of fog
 s - 5 scrolls of fear
 t - a scroll of identify
Potions
 g - a potion of cancellation
 i - a potion of magic
 m - a potion of might
 o - 2 potions of invisibility
 x - a potion of resistance
 z - a potion of ambrosia


   Skills:
 - Level 17.4 Fighting
 * Level 8.0 Maces & Flails
 - Level 2.0 Throwing
 + Level 4.7 Armour
 - Level 3.2 Dodging


You had 9 spell levels left.
You didn't know any spells.
Your spell library contained the following spells:

 Spells                   Type           Power      Damage    Failure   Level
 Blink                    Tloc           0%         N/A       78%         2
 Gell's Gravitas          Tloc           0%         N/A       95%         3
 Lesser Beckoning         Tloc           0%         N/A       95%         3
 Teleport Other           Tloc           0%         N/A       95%         3
 Hailstorm                Conj/Ice       0%         3d3       100%        4
 Ice Form                 Ice/Tmut       0%         N/A       100%        4
 Manifold Assault         Tloc           0%         N/A       100%        5
 Conjure Ball Lightning   Conj/Air       0%         3x3d6     100%        6
 Dispersal                Tloc           0%         N/A       100%        6
 Discord                  Hex            0%         N/A       100%        8
 Disjunction              Tloc           0%         N/A       100%        8
 Simulacrum               Ice/Necr       Unusable   N/A       N/A         6

Dungeon Overview and Level Annotations

Branches:
Dungeon (10/15)            Temple (0/1) D:7
   Lair: D:8-11         Orc: D:9-12

Altars:
Cheibriados
Fedhas
Hepliaklqana
Okawaru
Qazlal
Ru
Uskayaw
Yredelemnul
Zin

Shops:
D:7 [   D:10 (


Innate Abilities, Weirdness & Mutations

You have a pair of horns on your head.
You reflexively headbutt those who attack you in melee.


Message History

Something hits you but does no damage.
The electric eel shoots out a bolt of lightning at you!
The bolt of electricity hits you! x2
* * * LOW HITPOINT WARNING * * *
You hit something.
Your +8 spectral club hits something!
Something hits you but does no damage.
Something barely misses your +8 spectral club.
You swap places.
Something hits you but does no damage. Something hits you but does no damage.
Something hits you but does no damage. Something barely misses you.
Something hits you but does no damage. Something hits you.
* * * LOW HITPOINT WARNING * * *
The electric eel shoots out a bolt of lightning at you!
The bolt of electricity hits you!
* * * LOW HITPOINT WARNING * * *
The bolt of electricity hits you!
* * * LOW HITPOINT WARNING * * *
You feel better. Something completely misses you.
Something hits you but does no damage.
The electric eel shoots out a bolt of lightning at you!
The bolt of electricity hits you!
* * * LOW HITPOINT WARNING * * *
The bolt of electricity misses you.
There are monsters nearby!
There are monsters nearby!
There are monsters nearby!
There are monsters nearby!
It was a potion of brilliance.
You feel clever all of a sudden. Something hits you but does no damage.
An electric eel is nearby!
Unknown command.
An electric eel is nearby!
The electric eel shoots out a bolt of lightning at you!
The bolt of electricity hits you!
* * * LOW HITPOINT WARNING * * *
The electric eel shoots out a bolt of lightning at you!
The bolt of electricity hits you!
You die...

#.........# .≈≈≈
8...∩...8.##### ..)≈≈
..............####.P≈≈.≈ ≈≈.
..<................PS≈≈≈ ≈≈≈
............#.#####....≈≈≈.≈
....8.#.##..#.#.#....S≈.≈≈≈.
......#<....#.#.#.#...♣...P.
................†...+......=
...#.....#......@.###....#
#####.##....####.........#
....#.......#.......######
###.#.###...#....####
....#...'...#....#
....#####...#....#
............######
#############


You could see 2 electric eels.

Vanquished Creatures
  A two-headed ogre (D:8)
  A sixfirhy (D:7)
  A meliai (shapeshifter) (D:10)
  A hornet (D:9)
  6 yaks (D:9)
  Eustachio (D:6)
  A wyvern (D:8)
  Menkaure (D:6)
  A water moccasin (D:8)
  3 ice beasts
  3 orc warriors (D:9)
  A black bear (D:6)
  2 necrophages
  3 ogres
  6 centaurs
  2 phantoms (D:5)
  2 bullfrogs
  A wyvern zombie (D:7)
  A gnoll sergeant (D:9)
  5 scorpions
  6 killer bees
  7 wights
  Crazy Yiuf (D:3)
  2 centaur zombies
  3 hounds
  3 orc priests
  A jelly (D:7)
  2 centaur skeletons
  Terence (D:2)
  Jessica (D:2)
  4 orc wizards
  4 iguanas
  4 howler monkey zombies
  3 howler monkey skeletons
  6 adders
  4 gnolls
  2 white imps
  An ufetubus (D:4)
  3 worms
  5 dart slugs
  29 orcs
  4 endoplasms
  5 giant cockroaches
  5 goblins
  5 hobgoblins
  8 kobolds
  5 quokkas
  6 ball pythons
  3 bats
  3 frilled lizards
  4 rats
183 creatures vanquished.

Vanquished Creatures (others)
  4 plants (D:10)
4 creatures vanquished.

Grand Total: 187 creatures vanquished

Notes
Turn   | Place    | Note
-------+----------+-------------------------------------------
     0 | D:1      | vineage the Minotaur Gladiator began the quest for the Orb.
     0 | D:1      | Reached XP level 1. HP: 18/18 MP: 0/0
    50 | D:1      | Reached skill level 3 in Fighting
    50 | D:1      | Reached XP level 2. HP: 11/26 MP: 1/1
   465 | D:1      | Reached skill level 4 in Fighting
   708 | D:1      | Found a faded altar of an unknown god.
   776 | D:2      | Noticed Jessica
   780 | D:2      | Reached XP level 3. HP: 33/33 MP: 2/2
   803 | D:2      | Killed Jessica
   804 | D:2      | Reached skill level 5 in Fighting
   825 | D:2      | Reached XP level 4. HP: 25/42 MP: 3/3
  1323 | D:2      | Noticed Terence
  1332 | D:2      | Killed Terence
  1333 | D:2      | Reached skill level 6 in Fighting
  1571 | D:2      | Found a hazy altar of Hepliaklqana.
  1931 | D:3      | Reached XP level 5. HP: 42/51 MP: 4/4
  2217 | D:3      | Reached skill level 7 in Fighting
  2416 | D:3      | Found an iron altar of Okawaru.
  2416 | D:3      | Found a glowing silver altar of Zin.
  2417 | D:3      | Found a hazy altar of Hepliaklqana.
  2424 | D:3      | Became a worshipper of Warmaster Okawaru
  2525 | D:3      | Found a hide-covered altar of Uskayaw.
  2571 | D:3      | Found a basalt altar of Yredelemnul.
  2699 | D:3      | Found a runed translucent door.
  2700 | D:3      | Noticed Crazy Yiuf
  2760 | D:3      | Killed Crazy Yiuf
  2761 | D:3      | Reached XP level 6. HP: 18/61 MP: 3/5
  3664 | D:4      | Reached skill level 8 in Fighting
  3751 | D:5      | Entered Level 5 of the Dungeon
  3875 | D:5      | Reached * piety under Okawaru
  3876 | D:5      | Reached skill level 9 in Fighting
  3986 | D:5      | Reached XP level 7. HP: 70/70 MP: 6/6
  4165 | D:5      | Reached skill level 10 in Fighting
  4431 | D:5      | Reached skill level 11 in Fighting
  4676 | D:5      | Reached ** piety under Okawaru
  4677 | D:5      | Reached XP level 8. HP: 59/82 MP: 7/7
  5152 | D:6      | Reached skill level 12 in Fighting
  5319 | D:6      | Found a sacrificial altar of Ru.
  5343 | D:6      | Found a stormy altar of Qazlal.
  5378 | D:6      | Noticed Eustachio
  5394 | D:6      | Killed Eustachio
  5395 | D:6      | Reached skill level 13 in Fighting
  5450 | D:6      | Noticed Menkaure
  5456 | D:6      | Killed Menkaure
  6268 | D:7      | Found Jikk's Armour Shop.
  6366 | D:7      | Reached *** piety under Okawaru
  6384 | D:7      | Reached skill level 14 in Fighting
  6384 | D:7      | Reached XP level 9. HP: 91/95 MP: 8/8
  6468 | D:7      | Found a staircase to the Ecumenical Temple.
  6825 | D:7      | Found a runed translucent door.
  6825 | D:7      | Noticed a sixfirhy
  6839 | D:7      | Reached skill level 15 in Fighting
  7066 | D:7      | Found a snail-covered altar of Cheibriados.
  7084 | D:7      | Found a blossoming altar of Fedhas.
  7193 | D:7      | Killed a sixfirhy
  7193 | D:7      | Reached **** piety under Okawaru
  7525 | D:8      | Reached skill level 16 in Fighting
  7914 | D:8      | Reached XP level 10. HP: 104/110 MP: 9/9
  8071 | D:8      | Noticed a two-headed ogre
  8077 | D:8      | Killed a two-headed ogre
  8078 | D:8      | Reached skill level 17 in Fighting
  8425 | D:9      | Reached skill level 1 in Armour
  8732 | D:9      | Reached skill level 5 in Maces & Flails
  8752 | D:9      | Received a gift from Okawaru
  9819 | D:10     | Entered Level 10 of the Dungeon
  9819 | D:10     | Found Zavvan's Antique Weapon Boutique.
  9906 | D:10     | Noticed a guardian serpent
  9978 | D:10     | Reached ***** piety under Okawaru
 10003 | D:10     | HP: 3/111 [electric eel/bolt of electricity (7)]
 10003 | D:10     | Killed from afar by an electric eel

Illustrated notes

Levels and vault maps discovered:
D:1:      dpeg_arrival_pond, layout_basic, shapermc_ecumenical_altar_pompeii,
          st_stairs_5, nicolae_grassy_gnolls
D:2:      layout_basic, basic_altar, uniq_terence, uniq_jessica
D:3:      layout_basic, overflow_temple_1_default, mainiacjoe_overflow_alcove_4,
          chequers_temple_overflow_statue_of_worship, uniq_crazy_yiuf_cottage
D:4:      layout_basic
D:5:      layout_loops_corners
D:6:      lemuel_ice_spiral_2, layout_basic, nicolae_overflow_hidden_temple,
          serial_corexii_hall, corexii_hall_statues_x,
          corexii_hall_statues_deadend, uniq_menkaure, uniq_eustachio
D:7:      cheibrodos_shockbox, layout_basic, mainiacjoe_overflow_divided_tiny,
          minmay_temple_entry_ruins, serial_shops, shop
D:8:      layout_basic
D:9:      layout_layer_cave
D:10:     layout_basic, dpeg_oklobed_lair, hellmonk_ghost_happy_afterlife,
          chequers_serial_rivers_micro_d, nicolae_stop_n_shop_1,
          serial_bayou_pond_b, nicolae_stop_n_shop_1,
          minmay_guarded_unrand_vampires_tooth

Skill      XL: |  1  2  3  4  5  6  7  8  9 10 |
---------------+-------------------------------+-----
Fighting       | 3 4 5 6 7 9 11 14 16 17 | 17.4
Maces & Flails | 8 |  8.0
Armour         | 4 |  4.7
Throwing       | |  2.0
Dodging        | |  3.2

Action                   |  1- 3 |  4- 6 |  7- 9 | 10-12 || total
-------------------------+-------+-------+-------+-------++-------
Melee: Flail             |    43 |       |       |       ||    43
       Headbutt          |     4 |    16 |    40 |    25 ||    85
       Club              |       |   105 |   155 |   111 ||   371
       Punch             |       |     3 |     4 |     3 ||    10
Invok: Heroism           |       |       |     1 |     3 ||     4
  Use: Scroll            |       |     3 |     6 |     6 ||    15
       Potion            |       |       |     3 |     2 ||     5
 Stab: Sleeping          |       |     6 |     3 |       ||     9
       Distracted        |       |     1 |     1 |     1 ||     3
Armor: Leather armour    |    14 |    28 |     9 |       ||    51
       Ring mail         |       |       |    60 |    69 ||   129
Dodge: Dodged            |    45 |    46 |   112 |    84 ||   287

Table legend: (Time is in decaauts)
 A = Elapsed time spent in this place.
 B = Non-inter-level travel time spent in this place.
 C = Inter-level travel time spent in this place.
 D = Time resting spent in this place.
 E = Time spent auto-exploring this place.
 F = Levels seen in this place.
 G = Mean time per level.
                   A        B        C        D        E       F      G
               +--------+--------+--------+--------+--------+-----+--------+
         Total |  10039 |   9800 |    239 |    790 |   7762 |  10 | 1003.9 |
       Dungeon |  10039 |   9800 |    239 |    790 |   7762 |  10 | 1003.9 |
               +--------+--------+--------+--------+--------+-----+--------+

Top non-repeatable levels by time:
     D:9: 1469 daAuts
     D:3: 1310 daAuts
     D:5: 1260 daAuts
     D:7: 1247 daAuts
     D:6: 1231 daAuts
     D:2: 1092 daAuts
     D:8: 876 daAuts
     D:1: 780 daAuts
     D:4: 587 daAuts
    D:10: 182 daAuts
